 Dungeon Sprint DCSS version 0.21.0-24-g2553a33 (webtiles) character file.

3600000 letownia2 the Conqueror (level 26, -10/266 HPs)
             Began as a Ghoul Fighter on Jan 21, 2018.
             Was the Champion of Makhleb.
             Mangled by a sculptor of flesh
             ... wielding a +9 great sword
              (252 damage)
             ... in the Dungeon (Sprint VIII: "Arena of Blood").
             The game lasted 00:01:26 (36 turns).

letownia2 the Conqueror (Ghoul Fighter)               Turns: 36, Time: 00:01:27

Health: -10/266    AC: 13    Str: 24    XL:     26   Next: 60%
Magic:  20/53      EV: 30    Int:  3    God:    Makhleb [******]
Gold:   0          SH:  0    Dex: 16    Spells: 79/79 levels left

rFire    . . .     SeeInvis .   l - +∞ Axe of Woe
rCold    + . .     Gourm    .   (shield currently unavailable)
rNeg     + + +     Faith    .   b - +0 scale mail
rPois    ∞         Spirit   .   (no helmet)
rElec    .         Reflect  .   (no cloak)
rCorr    .         Harm     .   (no gloves)
MR       +....     NoTele   +   (no boots)
Stlth    ++++++++..             (no amulet)
HPRegen  0.00/turn              (no ring)
MPRegen  0.33/turn              (no ring)

@: rotting
A: rotting body, claws 1, carnivore, cold resistance 1, negative energy
resistance 3, inhibited regeneration, torment resistance, unbreathing
a: Minor Destruction, Lesser Servant of Makhleb, Major Destruction, Greater
Servant of Makhleb, Renounce Religion


You were in the Dungeon.
You worshipped Makhleb.
Makhleb was exalted by your worship.
You were not hungry.

You visited 1 branch

Inventory:

Hand Weapons
 a - a +0 war axe
 l - the +∞ Axe of Woe (weapon)
   (You found it in the Dungeon)
Armour
 b - a +0 scale mail (worn)
 c - a +0 shield
Scrolls
 k - a scroll of blinking
Potions
 d - a potion of might
 e - a potion of curing
 g - a potion of heal wounds
 h - a potion of haste
 i - 2 potions of magic
 j - a potion of berserk rage
Comestibles
 f - a ration


   Skills:
 O Level 27 Fighting
 O Level 27 Axes
 O Level 27 Throwing
 O Level 27 Armour
 O Level 27 Dodging
 O Level 27 Stealth
 O Level 27 Shields
 O Level 27 Unarmed Combat
 O Level 27 Spellcasting
 O Level 27 Invocations


You had 79 spell levels left.
You didn't know any spells.

Dungeon Overview and Level Annotations

Branches:
Dungeon (1/1)

Altars:
Makhleb


Innate Abilities, Weirdness & Mutations

Your body is rotting away.
You thrive on raw meat.
You are immune to poison.
You have sharp fingernails.
You are carnivorous and can eat meat at any time.
Your flesh is cold resistant. (rC+)
You are immune to negative energy. (rN+++)
You do not regenerate when monsters are visible.
You are immune to unholy pain and torment.
You can survive without breathing.


Message History

You slash the bag of meat!
You cleave the bag of meat in twain.
You kill the bag of meat!
Makhleb accepts your kill.
You are engulfed in blazing flames.
The small abomination is engulfed in blazing flames.
You hear a shout! x3
The bag of meat is engulfed in blazing flames.
A crawling corpse suddenly disappears!
You hear a shout!
A crawling corpse suddenly disappears! 2 orcs come into view.
Unknown command.
Unknown command.
You are engulfed in blazing flames.
You hear a shout! x2
The destroyer blinks!
The bag of meat is engulfed in blazing flames.
The sculptor of flesh hits you with a +9 great sword!!!!!
Ouch! That really hurt!
You die...

o........ .....
...........o........
#.......# ..z...o...
#.......# .o.o.ooo..
.###.. ...z###Ooo.o....
......###...oxooo.Oz..#
....._...xX§.Oooo...
.#...).#)oo§oV.#.#.. .
#_)<._#xxo§@z......
....#..).O#.x§§o.#.#.#.
......._))....oooo...
......###.X.......#.#
.###.. ...x###....o...
#.......# ......o... #.
.....# §......... ..
...............o ..
.......


You could see a destroyer, 4 sculptors of flesh, 2 large bags of meat, 2 large
abominations, a meat berserker (berserk), 3 small abominations, 29 bags of meat
and 3 crawling corpses.

Vanquished Creatures
  A vampire knight (D)
  15 ogres (D)
  2 two-headed ogres (D)
  27 orcs (D)
  A small abomination (D)
  2 crawling corpses (D)
48 creatures vanquished.

Notes
Turn   | Place    | Note
-------+----------+-------------------------------------------
     0 | D        | Found the +∞ Axe of Woe
     0 | D        | letownia2 the Ghoul Fighter began the quest for the Orb.
     0 | D        | Reached XP level 1. HP: 19/19 MP: 0/0
     2 | D        | Noticed a bag of meat
     3 | D        | Noticed a bag of meat
     4 | D        | Noticed a bag of meat
     5 | D        | Noticed a bag of meat
     7 | D        | Killed a bag of meat
     7 | D        | Reached skill level 15 in Fighting
     7 | D        | Reached XP level 2. HP: 49/49 MP: 1/1
     7 | D        | Reached XP level 3. HP: 56/56 MP: 2/2
     7 | D        | Reached XP level 4. HP: 63/63 MP: 3/3
     7 | D        | Reached XP level 5. HP: 70/70 MP: 4/4
     7 | D        | Reached XP level 6. HP: 78/78 MP: 5/5
     7 | D        | Reached XP level 7. HP: 84/84 MP: 6/6
     7 | D        | Reached XP level 8. HP: 93/93 MP: 7/7
     7 | D        | Reached XP level 9. HP: 100/100 MP: 8/8
     7 | D        | Reached XP level 10. HP: 107/107 MP: 9/9
     7 | D        | Reached XP level 11. HP: 114/114 MP: 10/10
     7 | D        | Reached XP level 12. HP: 122/122 MP: 11/11
     8 | D        | Noticed a bag of meat
     8 | D        | Killed a bag of meat
     8 | D        | Reached skill level 15 in Axes
     8 | D        | Reached skill level 15 in Armour
     8 | D        | Reached skill level 15 in Dodging
     8 | D        | Reached XP level 13. HP: 134/134 MP: 12/12
     9 | D        | Killed a bag of meat
     9 | D        | Reached XP level 14. HP: 146/146 MP: 13/13
     9 | D        | Killed a bag of meat
    10 | D        | Noticed a meat berserker
    10 | D        | Noticed a meat berserker
    11 | D        | Noticed a bag of meat
    12 | D        | Became a worshipper of Makhleb the Destroyer
    13 | D        | Killed a meat berserker
    13 | D        | Reached XP level 15. HP: 162/162 MP: 14/14
    14 | D        | Killed a meat berserker
    14 | D        | Reached * piety under Makhleb
    14 | D        | Reached XP level 16. HP: 103/176 MP: 15/15
    16 | D        | Noticed a meat berserker
    16 | D        | Noticed a meat berserker
    17 | D        | Reached XP level 17. HP: 159/188 MP: 16/16
    18 | D        | Noticed a meat berserker
    19 | D        | Killed a meat berserker
    19 | D        | Reached ** piety under Makhleb
    19 | D        | Reached skill level 27 in Fighting
    20 | D        | Noticed a meat berserker
    20 | D        | Noticed a meat berserker
    20 | D        | Noticed a large bag of meat
    21 | D        | Killed a meat berserker
    21 | D        | Reached XP level 18. HP: 200/200 MP: 17/17
    23 | D        | Noticed a meat berserker
    23 | D        | Noticed a meat berserker
    24 | D        | Noticed a meat berserker
    24 | D        | Noticed a large bag of meat
    24 | D        | Killed a large bag of meat
    25 | D        | Noticed a meat berserker
    26 | D        | Noticed a meat berserker
    26 | D        | Killed a meat berserker
    26 | D        | Reached *** piety under Makhleb
    26 | D        | Reached skill level 27 in Axes
    26 | D        | Reached skill level 27 in Armour
    26 | D        | Reached skill level 27 in Dodging
    26 | D        | Reached XP level 19. HP: 207/207 MP: 18/18
    26 | D        | Reached **** piety under Makhleb
    27 | D        | Noticed a meat berserker
    27 | D        | Noticed a meat berserker
    27 | D        | Noticed a meat berserker
    27 | D        | Killed a meat berserker
    27 | D        | Reached skill level 10 in Stealth
    27 | D        | Reached XP level 20. HP: 216/216 MP: 18/29
    27 | D        | Reached skill level 10 in Spellcasting
    27 | D        | Reached ***** piety under Makhleb
    27 | D        | Reached skill level 15 in Stealth
    27 | D        | Reached skill level 27 in Shields
    27 | D        | Reached skill level 15 in Unarmed Combat
    27 | D        | Reached skill level 15 in Invocations
    27 | D        | Reached XP level 21. HP: 224/224 MP: 18/36
    28 | D        | Noticed a destroyer
    28 | D        | Killed a meat berserker
    28 | D        | Reached skill level 15 in Throwing
    28 | D        | Reached skill level 15 in Spellcasting
    29 | D        | Noticed a meat berserker
    29 | D        | Killed a meat berserker
    29 | D        | Reached XP level 22. HP: 221/233 MP: 18/42
    29 | D        | Reached ****** piety under Makhleb
    29 | D        | Killed a destroyer
    29 | D        | Reached skill level 27 in Stealth
    29 | D        | Reached XP level 23. HP: 240/240 MP: 18/46
    30 | D        | Noticed a large bag of meat
    31 | D        | Reached skill level 27 in Unarmed Combat
    31 | D        | Reached skill level 27 in Invocations
    31 | D        | Reached skill level 27 in Throwing
    31 | D        | Reached XP level 24. HP: 249/249 MP: 18/52
    32 | D        | Killed a large bag of meat
    32 | D        | Reached skill level 27 in Spellcasting
    33 | D        | Noticed a large bag of meat
    34 | D        | Reached XP level 25. HP: 257/257 MP: 19/53
    35 | D        | Noticed a destroyer
    35 | D        | Reached XP level 26. HP: 266/266 MP: 19/53
    36 | D        | Mangled by a sculptor of flesh

Skill      XL: |  1  2  3  4  5  6  7  8  9 10 11 12 13 14 15 16 17 18 19 20 21 22 23 24 |
---------------+-------------------------------------------------------------------------+-----
Fighting       | 15 18 19 22 24 26 27 | 27.0
Axes           | 13 15 16 19 21 22 25 27 | 27.0
Armour         | 13 15 17 19 21 22 25 27 | 27.0
Dodging        | 13 15 16 19 21 22 25 27 | 27.0
Shields        | 17 26 27 | 27.0
Throwing       | 8 13 18 22 27 | 27.0
Stealth        | 10 16 23 27 | 27.0
Unarmed Combat | 9 15 21 25 27 | 27.0
Spellcasting   | 7 12 17 20 26 27 | 27.0
Invocations    | 9 15 21 25 27 | 27.0

Action                   |  1- 3 |  4- 6 |  7- 9 | 10-12 | 13-15 | 16-18 | 19-21 | 22-24 | 25-27 || total
-------------------------+-------+-------+-------+-------+-------+-------+-------+-------+-------++-------
Melee: Executioner's axe |     1 |       |       |     1 |     3 |     5 |     3 |     3 |     1 ||    17
Armor: Scale mail        |       |       |       |       |       |       |       |     1 |       ||     1
Dodge: Dodged            |       |       |       |       |       |     1 |       |       |       ||     1
